Match 28274799
Unlisted

Match 28274799
End
Kettenkrad Recon Vehicle
Construct Infanterie Kompanie
Selects Breakthrough Battlegroup
Selects Assault Grenadiers
MG 42 Machine Gun Team
MG 42 Machine Gun Team
Grenadier Squad
Grenadier Squad
Construct Luftwaffe Kompanie
Medical Station
Flak 30 Anti-aircraft Gun Team
Flak 30 Anti-aircraft Gun Team
Support Elements
Marder III M Tank Destroyer
Selects Rapid Production
Marder III M Tank Destroyer
Pioneer Squad
GrW 34 Mortar Team
Wirbelwind Flakpanzer
Marder III M Tank Destroyer
Marder III M Tank Destroyer
Wirbelwind Flakpanzer
Pandemic
~SB 真多~
HulkSMASH
Ruby
0
0

Comments sign in to comment!

No comments posted yet!